 Dungeon Crawl Stone Soup version 0.17-a0-1954-g0dddeaa (webtiles) character file.

43815 brucemayne the Executioner (level 14, 0/118 HPs)
             Began as a Hill Orc Berserker on Oct 3, 2015.
             Was an Elder of Trog.
             Slain by a 13-headed hydra (3 damage)
             ... on level 6 of the Lair of Beasts.
             The game lasted 00:50:22 (8924 turns).

brucemayne the Executioner (Hill Orc Berserker)     Turns: 8924, Time: 00:50:23

Health: 0/118      AC: 19    Str: 24    XL:     14   Next: 25%
Magic:  4/4        EV: 14    Int:  7    God:    Trog [****..]
Gold:   1161       SH:  0    Dex: 11    Spells: 0 memorised, 13 levels left

rFire  . . .     SeeInvis .     y - +3 executioner's axe (antimagic)
rCold  . . .     Clarity  .     A - +0 plate armour
rNeg   . . .     SustAt   .     (no shield)
rPois  .         Gourm    .     q - +2 hat
rElec  .         Spirit   .     x - +1 cloak
rCorr  .         Warding  .     (no gloves)
rMut   .         Stasis   .     (no boots)
MR     +....                    (no amulet)
Stlth  ..........               r - +3 ring of evasion
                                U - +3 ring of evasion

@: very slightly contaminated, somewhat resistant to hostile enchantments,
extremely unstealthy
A: no striking features
a: Burn Spellbooks, Berserk, Trog's Hand, Brothers in Arms, Renounce Religion


You were on level 6 of the Lair of Beasts.
You worshipped Trog.
Trog was greatly pleased with you.
You were very hungry.

You visited 3 branches of the dungeon, and saw 24 of its levels.

You collected 1855 gold pieces.
You spent 694 gold pieces at shops.

Inventory:

Hand weapons
 a - the +4 spear of Impeachment {pierce, rF++ rN+, unknown}
   (You found it on level 6 of the Lair of Beasts)

   It inflicts extra damage upon your enemies.
   It greatly protects you from fire.
   It protects you from negative energy.
 s - a +1 war axe of draining
 v - a +0 dagger of distortion
 y - a +3 antimagic executioner's axe (weapon)
 G - a +1 broad axe of venom
 K - the +3 battleaxe "Luggat" {distort, *Corrode rElec MR++ Dex-2}
   (Trog gifted it to you on level 8 of the Lair of Beasts)

   It warps and distorts space around it.
   Unwielding it can cause banishment or high damage.
   It affects your dexterity (-2).
   It insulates you from electricity.
   It affects your resistance to hostile enchantments.
   It may corrode your equipment when you take damage.
 M - a +0 blowgun
 S - a +1 battleaxe of chopping
Missiles
 N - 7 curare-tipped needles
 O - 5 tomahawks of dispersal (quivered)
Armour
 b - the +3 hat of Pondering {ponderous, MR+ MP+10 Int+5}
   (You took it off Gastronok on level 3 of the Lair of Beasts)

   It affects your intelligence (+5).
   It affects your resistance to hostile enchantments.
   It affects your magic capacity (+10).
 o - a +2 chain mail of poison resistance
 q - a +2 hat (worn)
 x - a +1 cloak (worn)
 A - a +0 plate armour (worn)
Jewellery
 l - an uncursed ring of see invisible
 p - an uncursed ring of positive energy
 r - a +3 ring of evasion (right hand)
 P - an uncursed ring of positive energy
 U - a +3 ring of evasion (left hand)
Magical devices
 B - a wand of paralysis (18)
 E - a wand of slowing (28)
 F - a wand of lightning (9)
 T - a wand of cold (10)
Scrolls
 d - 2 scrolls of noise
 f - 3 scrolls of magic mapping
 h - 5 scrolls of remove curse
 u - 4 scrolls of recharging
 z - 3 scrolls of teleportation
 C - a scroll of summoning {unknown}
 L - 2 scrolls of identify
Potions
 e - 4 potions of degeneration {unknown}
 g - a potion of flight
 k - a potion of haste {unknown}
 m - 2 potions of curing
 t - a potion of mutation {unknown}
 w - a potion of poison {unknown}
 D - a potion of brilliance {unknown}
 H - 2 potions of agility {unknown}
 I - a potion of resistance {unknown}
 J - a potion of berserk rage {unknown}
Books
 Q - a Young Poisoner's Handbook

   Spells                             Type                      Level
   a - Sting                          Conjuration/Poison           1
   b - Cure Poison                    Poison                       2
   c - Mephitic Cloud                 Conjuration/Poison/Air       3
   d - Olgreb's Toxic Radiance        Poison                       4
   e - Venom Bolt                     Conjuration/Poison           5
   Trog disapproves of the use of such an item.
Comestibles
 c - 5 bread rations
 i - a slice of pizza
 n - 2 meat rations


   Skills:
 - Level 9.0 Fighting
 + Level 24.6 Axes
 - Level 10.1 Armour
 - Level 1.5 Dodging


You had 13 spell levels left.
You didn't know any spells.

Dungeon Overview and Level Annotations

Branches:
Dungeon (12/15)              Lair (8/8) D:8           Snake (0/4) Lair:6
  Slime (0/6) Lair:8          Orc (4/4) D:11            Elf (0/3) Orc:4
 Temple: D:4-7        Swamp: Lair:3-6    Shoals: Lair:3-6

Altars:
Kikubaaqudgha
Makhleb
Nemelex Xobeh
Beogh
Jiyva
Lugonu

Shops:
D:6 [(%   D:9 *   Orc:2 ?   Orc:3 %   Orc:4 *([[

Portals:
Hell: Lair:8


Message History

Your ogre hits the 13-headed hydra with a giant club!
Unknown command.
Unknown command.
Unknown command.
Drink which item? (? for menu, Esc to quit)
Okay, then.
Evoke which item? (* to show all) (? for menu, Esc to quit)
Okay, then.
Evoke which item? (* to show all) (? for menu, Esc to quit)
Zapping:
T - a wand of cold (will waste charges)
Press: ? - help, Shift-Dir - straight line, f - 13-headed hydra
Aim: a 13-headed hydra (severely wounded)
The bolt of cold hits the 13-headed hydra.
The 13-headed hydra is almost dead.
Evoking this partially-identified wand wasted a few charges.
The 13-headed hydra bites you but does no damage. x2
The 13-headed hydra misses you. The 13-headed hydra bites you.
* * * LOW HITPOINT WARNING * * *
The 13-headed hydra bites you.
You die...

#....## ##..†....
#.....# ##.......
#⌠.<.⌠# ###........
#......# #.#P.......
###.⌠.## #.....>...
################.....♣♣♣
..#...#..##....♣.♣♣♣♣♣
................♣♣
.......@D.......♣
........O.......♣
................♣
.................♣
............)......
....................
......[..............
..####..P#.##.#.#.##.


You could see a 13-headed hydra and a friendly ogre (berserk).

Vanquished Creatures
  Gastronok (Lair:3)
  Snorg (Orc:3)
  The ghost of 4thArraOfDagon the Severer, a powerful HOBe of Trog (Lair:1)
  A hydra (Lair:6)
  A queen ant (Lair:7)
  3 death yaks
  Sonja (Orc:3)
  Nergalle (Lair:3)
  A wizard (Lair:8)
  A hill giant (D:9)
  A lindwurm (Lair:8)
  5 elephants (Lair:8)
  An orc sorcerer (Orc:4)
  Maurice (D:8)
  11 spiny frogs
  A torpor snail (Lair:7)
  A gargoyle (D:11)
  6 black mambas
  6 fire drakes
  A kobold demonologist (D:11)
  4 komodo dragons
  A blue devil (Lair:8)
  A two-headed ogre (D:10)
  3 red devils (Lair:8)
  3 trolls (D:9)
  A wyvern (Lair:6)
  Sigmund (D:6)
  A basilisk (Lair:2)
  A shadow (D:11)
  11 blink frogs
  2 deep elf magi
  A hungry ghost (D:8)
  7 yaks
  9 wolves
  5 hippogriffs
  A steam dragon (D:12)
  3 nagas (Lair:6)
  4 wargs
  7 soldier ants (Lair:7)
  8 water moccasins
  A hell hound (Lair:8)
  2 ice beasts
  2 phantoms
  2 porcupines
  18 orc warriors
  6 ogres
  A black bear (D:8)
  A wasp (D:10)
  2 centaurs
  11 crocodiles
  2 big kobolds
  The ghost of wvc the Sneak, an average VSAs (D:3)
  7 giant frogs
  A scorpion (Lair:5)
  5 killer bees (D:12)
  A crimson imp (D:7)
  A quasit (D:11)
  18 orc priests
  A centaur skeleton (D:8)
  31 orc wizards
  A jelly (D:11)
  Jessica (D:2)
  Terence (D:2)
  5 iguanas
  18 worker ants
  14 sheep
  A human simulacrum (D:10)
  2 hound zombies
  7 adders
  6 gnolls
  58 river rats
  2 giant geckos
  160 orcs
  2 bats
  A giant cockroach (D:7)
  3 hobgoblins
  3 giant newts
  4 goblins
  16 kobolds
  A quokka (D:5)
  A quokka skeleton (D:6)
  2 rats
  5 fungi
  4 plants
552 creatures vanquished.

Vanquished Creatures (collateral kills)
  An orc warlord (Orc:4)
  A hydra (Lair:8)
  2 orc high priests (Orc:4)
  A sun demon (Lair:8)
  An orc sorcerer (Orc:4)
  A sixfirhy (Lair:8)
  A spiny frog (Lair:8)
  An orange demon (Lair:8)
  A smoke demon (Lair:8)
  A komodo dragon (Lair:8)
  2 blue devils (Lair:8)
  2 hell hounds (Lair:8)
  13 orc warriors (Orc:4)
  An ogre (Orc:4)
  3 orc wizards (Orc:4)
  6 orc priests (Orc:4)
  16 orcs (Orc:4)
54 creatures vanquished.

Vanquished Creatures (others)
  A death yak (Lair:8)
  A black mamba (Lair:8)
  An elephant (Lair:8)
  A fire drake (Lair:8)
  A komodo dragon (Lair:8)
  A naga (Lair:6)
  2 crocodiles
  A human simulacrum (D:10)
  An orc (Orc:3)
  7 fungi
  2 plants
19 creatures vanquished.

Grand Total: 625 creatures vanquished

Notes
Turn   | Place    | Note
--------------------------------------------------------------
     0 | D:1      | brucemayne the Hill Orc Berserker began the quest for the Orb.
     0 | D:1      | Reached XP level 1. HP: 19/19 MP: 1/1
    47 | D:2      | Found an ancient bone altar of Kikubaaqudgha.
   175 | D:2      | Noticed Jessica
   175 | D:2      | Noticed Terence
   177 | D:2      | Killed Jessica
   177 | D:2      | Reached skill level 5 in Axes
   177 | D:2      | Reached XP level 2. HP: 26/26 MP: 2/2
   177 | D:2      | Reached XP level 3. HP: 31/31 MP: 3/3
   183 | D:2      | Killed Terence
   183 | D:2      | Reached skill level 6 in Axes
   183 | D:2      | Reached XP level 4. HP: 39/39 MP: 4/4
   426 | D:3      | Noticed an orc wizard
   495 | D:2      | Acquired Trog's second power
   554 | D:3      | Killed an orc wizard
   554 | D:3      | Reached skill level 7 in Axes
   560 | D:3      | Reached XP level 5. HP: 32/45 MP: 5/5
   583 | D:3      | Noticed wvc's ghost (average VSAs)
   616 | D:3      | Killed wvc's ghost
   616 | D:3      | Reached skill level 8 in Axes
   759 | D:5      | Entered Level 5 of the Dungeon
   775 | D:5      | Reached XP level 6. HP: 39/51 MP: 6/6
   781 | D:5      | Noticed a deep elf mage
   788 | D:5      | HP: 2/76 [deep elf mage/bolt of magma (19)]
   789 | D:5      | Killed a deep elf mage
   789 | D:5      | Reached skill level 9 in Axes
   896 | D:5      | Found a sparkling altar of Nemelex Xobeh.
   958 | D:6      | Found Cuut's Food Boutique.
   958 | D:6      | Noticed Sigmund
   961 | D:6      | Found Plog's Antique Weapon Shoppe.
   969 | D:6      | Killed Sigmund
   969 | D:6      | Reached skill level 10 in Axes
   969 | D:6      | Reached XP level 7. HP: 57/57 MP: 7/7
  1005 | D:6      | Bought a glowing war axe for 98 gold pieces
  1057 | D:6      | Found Sunaol's Antique Armour Emporium.
  1135 | D:8      | Reached skill level 11 in Axes
  1178 | D:8      | Noticed a hungry ghost
  1196 | D:8      | Killed a hungry ghost
  1196 | D:8      | Reached XP level 8. HP: 67/67 MP: 8/8
  1299 | D:7      | Reached skill level 5 in Fighting
  1347 | D:8      | Reached skill level 12 in Axes
  1421 | D:8      | Noticed Maurice
  1452 | D:8      | Killed Maurice
  1493 | D:8      | Reached XP level 9. HP: 63/79 MP: 9/9
  1500 | D:8      | Reached skill level 13 in Axes
  1708 | D:8      | Found a staircase to the Lair.
  1734 | D:9      | Found a burning altar of Makhleb.
  2079 | D:9      | Found Ocsedyt's General Store.
  2157 | D:10     | Entered Level 10 of the Dungeon
  2177 | D:9      | Noticed a hill giant
  2222 | D:9      | Killed a hill giant
  2222 | D:9      | Reached skill level 14 in Axes
  2346 | D:9      | Reached skill level 5 in Armour
  2447 | D:10     | Reached XP level 10. HP: 88/88 MP: 10/10
  2724 | D:11     | Reached skill level 15 in Axes
  2795 | D:11     | Found a corrupted altar of Lugonu.
  2800 | D:11     | Noticed a sixfirhy
  2818 | D:11     | Killed a sixfirhy
  3075 | D:11     | Reached skill level 16 in Axes
  3112 | D:11     | Found a staircase to the Orcish Mines.
  3130 | Orc:1    | Entered Level 1 of the Orcish Mines
  3346 | Orc:2    | Acquired Trog's third power
  3404 | Orc:2    | Found Jyareuge's Magic Scroll Boutique.
  3475 | Orc:3    | Noticed Snorg
  3490 | Orc:3    | Killed Snorg
  3490 | Orc:3    | Reached skill level 17 in Axes
  3490 | Orc:3    | Reached XP level 11. HP: 37/94 MP: 11/11
  3591 | Orc:4    | Entered Level 4 of the Orcish Mines
  3612 | Orc:3    | Found Zuskus's Food Emporium.
  3695 | Orc:3    | Received a gift from Trog
  4242 | Orc:4    | Reached skill level 18 in Axes
  4261 | Orc:3    | Noticed Sonja
  4273 | Orc:3    | Killed Sonja
  4390 | Orc:4    | Found a roughly hewn altar of Beogh.
  4395 | Orc:4    | Received a gift from Trog
  4455 | Orc:4    | Found a staircase to the Elven Halls.
  4562 | Orc:4    | Found a roughly hewn altar of Beogh.
  4659 | Orc:4    | Found a roughly hewn altar of Beogh.
  4703 | Orc:4    | Noticed an orc high priest
  4719 | Orc:4    | Killed an orc high priest
  4719 | Orc:4    | Reached skill level 19 in Axes
  4720 | Orc:4    | Received a gift from Trog
  4753 | Orc:4    | Noticed an orc warlord
  4761 | Orc:4    | Killed an orc warlord
  4774 | Orc:4    | Noticed an orc high priest
  4780 | Orc:4    | Killed an orc high priest
  4819 | Orc:4    | Reached skill level 20 in Axes
  4819 | Orc:4    | Reached XP level 12. HP: 41/101 MP: 12/12
  4965 | Orc:4    | Found a roughly hewn altar of Beogh.
  4971 | Orc:4    | Found Sosoc Cosim's Armour Shoppe.
  5023 | Orc:4    | Found Plog's Antique Weapon Shop.
  5024 | Orc:4    | Found a roughly hewn altar of Beogh.
  5027 | Orc:4    | Found Yckiret's Antique Armour Boutique.
  5038 | Orc:4    | Bought a glowing hat for 96 gold pieces
  5038 | Orc:4    | Bought an amber-encrusted chain mail for 228 gold pieces
  5044 | Orc:4    | Bought a runed battleaxe for 136 gold pieces
  5086 | Orc:4    | Identified the +2 chain mail of Daffodils {rPois rN+ MP-9} (You bought it in a shop on level 4 of the Orcish Mines)
  5175 | Orc:4    | Found a roughly hewn altar of Beogh.
  5219 | Orc:4    | Found a roughly hewn altar of Beogh.
  5222 | Orc:4    | Found Suoryresuy's General Store.
  5227 | Orc:4    | Bought a potion of heal wounds for 80 gold pieces
  5227 | Orc:4    | Bought a scroll of fear for 56 gold pieces
  5647 | Lair:1   | Entered Level 1 of the Lair of Beasts
  5684 | Lair:1   | Noticed 4thArraOfDagon's ghost (powerful HOBe)
  5706 | Lair:1   | Killed 4thArraOfDagon's ghost
  6495 | Lair:3   | Noticed Nergalle
  6515 | Lair:3   | Killed Nergalle
  6515 | Lair:3   | Reached skill level 10 in Armour
  6524 | Lair:3   | Received a gift from Trog
  6646 | Lair:3   | Noticed Gastronok
  6674 | Lair:3   | Killed Gastronok
  6674 | Lair:3   | Reached skill level 21 in Axes
  7002 | Lair:5   | Reached XP level 13. HP: 59/111 MP: 13/13
  7245 | Lair:7   | Reached skill level 22 in Axes
  7365 | Lair:8   | Entered Level 8 of the Lair of Beasts
  7614 | Lair:8   | Found a burning altar of Makhleb.
  7719 | Lair:8   | Found a gateway to Hell.
  7723 | Lair:8   | Reached skill level 23 in Axes
  7777 | Lair:8   | Received a gift from Trog
  7778 | Lair:8   | Got an encrusted battleaxe {god gift}
  7779 | Lair:8   | Identified the +3 battleaxe "Luggat" {distort, *Corrode rElec MR++ Dex-2} (Trog gifted it to you on level 8 of the Lair of Beasts)
  8014 | Lair:8   | HP: 6/166 [lindwurm/blast of flame (28)]
  8021 | Lair:8   | HP: 5/111 [poisoned by a black mamba]
  8090 | Lair:8   | Found a viscous altar of Jiyva.
  8090 | Lair:8   | Found a staircase to the Slime Pits.
  8127 | Lair:8   | Reached XP level 14. HP: 61/118 MP: 14/14
  8209 | Lair:7   | Reached skill level 24 in Axes
  8418 | Lair:6   | Got a steaming spear
  8461 | Lair:6   | Found a staircase to the Snake Pit.
  8558 | Lair:5   | Noticed a death yak
  8597 | Lair:5   | Killed a death yak
  8924 | Lair:6   | HP: 3/118 [13-headed hydra (6)]
  8924 | Lair:6   | Slain by a 13-headed hydra

Vault maps used:
D:1:      lightli_arrival_chessboard, minmay_misc_feat_five
D:2:      kiku_gazebo_garden_becter, ecumenical_altar_2,
          nicolae_ru_awakened_eye, uniq_jessica, uniq_terence, uniq_natasha
D:3:      first_bread, minmay_bisected
D:4:      bloody_trog
D:5:      kennysheep_mini_moat, nicolae_overflow_hidden_temple, minitemple,
          hex_intersection, uniq_pikel
D:6:      serial_shops, nicolae_shop_temple_entry_statues_fountains, shop,
          nicolae_shop_trees, nicolae_shop_competitors_out_of_business,
          hangedman_decor_diamond_cutter, minmay_misc_feat_pillars, uniq_sigmund
D:7:      old_standard_altar, temple_doors_a, minivault_23, grunt_ogre_cave,
          dk_noncrumbling_2
D:8:      lair_0_dummy, wad_hexagon, uniq_maurice
D:9:      minmay_diamond_stairs, serial_shops, shop, basic_altar
D:10:     kennysheep_steamy, bh_circular_ruins
D:11:     kennysheep_kobold_lugonu_temple, david_orc_1_choice
D:12:     basic_altar, minmay_splitting_lines, aerie_lemuel
Lair:2:   infiniplex_staircase_pool
Lair:3:   minivault_24, grunt_megastairs_3, serial_bayou_shore_a,
          uniq_gastronok, uniq_nergalle
Lair:4:   boulder_quad_collide, roderic_batcave, minivault_27
Lair:5:   basic_altar
Lair:6:   nicolae_swamp_entry_splash_gauntlet,
          minmay_snake_entry_guardpost_small, grunt_megastairs_2
Lair:7:   minmay_another_anthill
Lair:8:   evil_forest, slime_altar_1, infiniplex_staircase_pool_2
Orc:2:    serial_shops, nicolae_shop_stone
Orc:3:    enter_volcano_3, serial_shops, shop, nicolae_orc_pool_cavern,
          uniq_snorg, uniq_sonja
Orc:4:    grunt_orc_community_town_hall, grunt_orc_community_big_house_2,
          grunt_orc_community_big_house_2, grunt_orc_community_house_3,
          grunt_orc_community_house_1, grunt_orc_community_house_2,
          grunt_orc_community_house_3, grunt_orc_community_house_3

Action                   |  1- 3 |  4- 6 |  7- 9 | 10-12 | 13-15 || total
-------------------------+-------+-------+-------+-------+-------++-------
Melee: Hand axe          |    23 |   178 |       |       |       ||   201
       War axe           |       |       |   184 |   513 |       ||   697
       Battleaxe         |       |       |       |   298 |   351 ||   649
       Executioner's axe |       |       |       |     8 |    45 ||    53
       Broad axe         |       |       |       |       |     6 ||     6
Throw: Throwing net      |       |       |       |     1 |       ||     1
Invok: Berserk           |     1 |     4 |     3 |    10 |     6 ||    24
       Trog's Hand       |       |     3 |     4 |    20 |    16 ||    43
       Brothers in Arms  |       |       |       |     7 |     3 ||    10
Evoke: Wand              |       |       |     2 |     6 |     1 ||     9
  Use: Scroll            |       |       |     4 |    12 |     2 ||    18
       Potion            |       |       |       |     5 |       ||     5
 Stab: Paralysed         |       |       |       |     4 |       ||     4
  Eat: Chunk             |       |     3 |     7 |    23 |    14 ||    47
       Beef jerky        |       |     1 |       |       |     1 ||     2
       Bread ration      |       |       |     1 |     1 |       ||     2
       Pizza             |       |       |     1 |       |       ||     1
